 Dungeon Crawl Stone Soup version 0.29.1-15-g9cfb28693d (webtiles) character file.

Game seed: 17975750887448572539

6727 LLlMATKO the Cleaver (level 10, 0/94 HPs)
             Began as a Minotaur Berserker on Apr 2, 2023.
             Was an Elder of Trog.
             Succumbed to barbed spike wounds
             ... on level 8 of the Dungeon.
             The game lasted 00:08:13 (10035 turns).

LLlMATKO the Cleaver (Minotaur Berserker)          Turns: 10035, Time: 00:08:13

Health: 0/94       AC: 14    Str: 32    XL:     10   Next: 75%
Magic:  9/9        EV: 28    Int:  4    God:    Trog [****..]
Gold:   376        SH:  0    Dex: 16    Spells: 9/9 levels left

rFire   . . .      SeeInvis .   O - +0 battleaxe
rCold   x . .      Faith    .   (shield currently unavailable)
rNeg    + . .      Spirit   .   M - +0 plate armour
rPois   +          Reflect  .   (helmet restricted)
rElec   .          Harm     .   (no cloak)
rCorr   +          Rampage  .   (no gloves)
Will    .....                   (no boots)
Stlth   ..........              x - amulet of the acrobat
HPRegen 0.25/turn               E - ring of flight
MPRegen 0.11/turn               t - ring of Xekhapt {rPois rC- rN+ rCorr Str+8 Dex+4}

@: spiked, on berserk cooldown, acrobatic, flying, slowed, very slow
A: horns 2, retaliatory headbutt
a: Renounce Religion, Berserk, Trog's Hand, Brothers in Arms


You were on level 8 of the Dungeon.
You worshipped Trog.
Trog was greatly pleased with you.
You visited 1 branch of the dungeon, and saw 8 of its levels.

You collected 376 gold pieces.

Inventory:

Hand Weapons
 I - a +0 war axe
 O - a +0 battleaxe (weapon)
Missiles
 y - 7 poisoned darts (quivered)
 z - 5 javelins
 C - 2 throwing nets
 N - 4 curare-tipped darts
 P - 4 boomerangs
Armour
 M - a +0 plate armour (worn)
Jewellery
 t - the ring of Xekhapt (right hand) {rPois rC- rN+ rCorr Str+8 Dex+4}
   (You took it off an orc on level 3 of the Dungeon)

   [ring of positive energy]

   Str:       It affects your strength (+8).
   Dex:       It affects your dexterity (+4).
   rC:        It makes you vulnerable to cold.
   rPois:     It protects you from poison.
   rN:        It protects you from negative energy.
   rCorr:     It protects you from acid and corrosion.
 u - a +4 ring of protection
 x - an amulet of the acrobat (around neck)
 B - a ring of protection from cold
 E - a ring of flight (left hand)
 L - a ring of positive energy
Wands
 b - a wand of polymorph (3)
 J - a wand of flame (26)
Scrolls
 d - 2 scrolls of torment {unknown}
 f - 2 scrolls of noise {unknown}
 g - 2 scrolls of blinking {unknown}
 h - 4 scrolls of fear {unknown}
 i - 2 scrolls of enchant armour {unknown}
 j - 2 scrolls of teleportation {unknown}
 k - 2 scrolls of vulnerability {unknown}
 n - 5 scrolls of identify {unknown}
 o - a scroll of brand weapon {unknown}
 p - 2 scrolls of enchant weapon {unknown}
 r - a scroll of amnesia {unknown}
 v - a scroll of summoning {unknown}
 A - 2 scrolls of magic mapping {unknown}
 K - a scroll of immolation {unknown}
Potions
 a - 3 potions of degeneration {unknown}
 c - 4 potions of heal wounds {unknown}
 e - 4 potions of curing {unknown}
 l - a potion of attraction {unknown}
 m - a potion of resistance {unknown}
 q - a potion of mutation {unknown}
 s - 2 potions of cancellation {unknown}
 w - a potion of flight {unknown}
 D - a potion of haste
 F - 2 potions of berserk rage {unknown}
 G - a potion of brilliance {unknown}
 H - a potion of lignification {unknown}


   Skills:
 + Level 10.5 Fighting
 + Level 10.6 Axes
 + Level 10.2 Armour
 + Level 9.3 Dodging


You had 9 spell levels left.
You didn't know any spells.
Your spell library was empty.

Dungeon Overview and Level Annotations

Branches:
Dungeon (8/15)             Temple (0/1) D:6
   Lair: D:8-11

Altars:
Cheibriados
Kikubaaqudgha
Ru
Sif Muna
Wu Jian
The Shining One

Shops:
D:3 :   D:6 *

Annotations:
D:4 2 transporters


Innate Abilities, Weirdness & Mutations

You have a pair of horns on your head.
You reflexively headbutt those who attack you in melee.


Message History

You slice the red ugly thing!!
The red ugly thing is heavily wounded.
You completely miss the red ugly thing. You headbutt the red ugly thing!
The red ugly thing is severely wounded.
The red ugly thing tentacle-slaps you.
You are engulfed in flames!!
* * * LOW HITPOINT WARNING * * *
You slice the red ugly thing!!
You kill the red ugly thing!
Trog accepts your kill.
You barely miss the manticore. Your headbutt misses the manticore.
The manticore bites you!
* * * LOW HITPOINT WARNING * * *
The manticore claws you.
* * * LOW HITPOINT WARNING * * *
The manticore claws you.
* * * LOW HITPOINT WARNING * * *
You are no longer berserk.
You are exhausted.
You feel yourself slow down.
A yak comes into view.
The manticore attacks as you move away! The manticore completely misses you. x2
The manticore misses you.
The manticore flicks its tail.
The volley of spikes misses you.
The manticore flicks its tail.
The volley of spikes misses you.
The manticore flicks its tail.
The volley of spikes hits you.
The barbed spikes become lodged in your body.
* * * LOW HITPOINT WARNING * * *
The barbs in your skin will harm you if you move.
Continue?
The barbed spikes dig painfully into your body as you move.
* * * LOW HITPOINT WARNING * * *
The manticore flicks its tail.
The volley of spikes hits you but does no damage.
The barbed spikes dig painfully into your body as you move.
* * * LOW HITPOINT WARNING * * *
Unknown command.
The barbed spikes dig painfully into your body as you move.
You die...

##.##.....'# #+ #.........#.# #.#
..# #...††..#.)# #..#
..#...##.##.##.O# #..### ..##
#.##..##.D# #..##.## #.#
#.###..##cD#..##...## #.#
##'###...###Y###.....# #.#
##...##.#..H......###.. ####.#
##.....@.##..###.### ###
###.##.###.......####.#.#.#
.....#.##.........###.(...#######
#.......'.........+..............
##...#.##...>.....####....#######
#......###.......## ##.#..#
#..##### ##.....## ####.# ...#
##...## #.# #.## #+## #.#


There were no monsters in sight!

Vanquished Creatures
  A centaur warrior (D:8)
  An ugly thing (D:8)
  A troll (D:8)
  A queen bee (shapeshifter) (D:8)
  3 hornets
  Sigmund (D:6)
  2 steam dragons (D:7)
  4 yaks (D:8)
  4 water moccasins
  3 ice beasts
  2 orc warriors (D:8)
  4 sky beasts
  6 black bears
  An ogre (D:6)
  2 centaurs
  A kobold brigand (D:7)
  4 bullfrogs
  A necrophage (D:6)
  2 scorpions
  2 gnoll sergeants (D:7)
  A wight (D:7)
  A killer bee (D:8)
  3 howler monkeys (D:7)
  3 gnoll boudas
  A jelly (D:5)
  3 hounds
  4 iguanas
  7 orc wizards
  22 gnolls
  4 adders
  2 shadow imps
  A white imp (D:6)
  An ufetubus (D:7)
  4 worms
  20 orcs
  5 ball pythons
  4 bats
  A bat zombie (D:5)
  7 endoplasms
  7 giant cockroaches
  12 goblins
  6 hobgoblins
  A quokka (D:1)
  3 frilled lizards
  8 kobolds
  5 rats
  3 rat zombies (D:5)
185 creatures vanquished.

Vanquished Creatures (others)
  2 plants (D:1)
2 creatures vanquished.

Grand Total: 187 creatures vanquished

Notes
Turn   | Place    | Note
-------+----------+-------------------------------------------
     0 | D:1      | LLlMATKO the Minotaur Berserker began the quest for the
                  | Orb.
     0 | D:1      | Reached XP level 1. HP: 19/19 MP: 0/0
   339 | D:1      | Reached XP level 2. HP: 27/27 MP: 1/1
   603 | D:1      | Reached ** piety under Trog
   752 | D:1      | Found a faded altar of an unknown god.
   856 | D:1      | Reached XP level 3. HP: 31/33 MP: 2/2
  1650 | D:3      | Found a sacrificial altar of Ru.
  1693 | D:3      | Identified the ring of Xekhapt {rPois rC- rN+ rCorr Str+8
                  | Dex+4}
  1697 | D:3      | Reached XP level 4. HP: 30/41 MP: 3/3
  2026 | D:3      | Noticed a sky beast
  2036 | D:3      | Killed a sky beast
  2037 | D:3      | Reached XP level 5. HP: 18/47 MP: 4/4
  2283 | D:3      | Reached skill level 5 in Fighting
  2283 | D:3      | Reached skill level 5 in Axes
  2674 | D:3      | Found an ornate altar of the Wu Jian Council.
  2711 | D:3      | Found Taadiun's Book Emporium.
  3008 | D:3      | Reached XP level 6. HP: 54/56 MP: 5/5
  3206 | D:3      | Found a shimmering blue altar of Sif Muna.
  3259 | D:4      | Noticed an ice beast
  3267 | D:4      | Killed an ice beast
  3476 | D:4      | Found a transporter.
  3691 | D:4      | Found a snail-covered altar of Cheibriados.
  3890 | D:4      | Found a transporter.
  3990 | D:4      | Reached *** piety under Trog
  4305 | D:5      | Entered Level 5 of the Dungeon
  4578 | D:5      | Found an ancient bone altar of Kikubaaqudgha.
  4591 | D:5      | Noticed a hornet
  4593 | D:5      | Paralysed by a hornet for 2 turns
  4599 | D:5      | Killed a hornet
  4600 | D:5      | Reached skill level 5 in Armour
  4600 | D:5      | Reached XP level 7. HP: 22/63 MP: 6/6
  4925 | D:5      | Reached skill level 5 in Dodging
  5602 | D:5      | Reached XP level 8. HP: 44/71 MP: 7/7
  6738 | D:6      | Found Xivacw's General Store.
  7223 | D:6      | Found a glowing golden altar of the Shining One.
  7370 | D:6      | Identified the +7 rapier of Kout {protect, Str+2 Int+6}
  7377 | D:6      | Found a staircase to the Ecumenical Temple.
  7605 | D:6      | Noticed Sigmund
  7616 | D:6      | Killed Sigmund
  8004 | D:7      | Noticed a hornet
  8010 | D:7      | Killed a hornet
  8011 | D:7      | Reached XP level 9. HP: 81/81 MP: 8/8
  8395 | D:7      | Reached **** piety under Trog
  9519 | D:7      | Reached XP level 10. HP: 91/91 MP: 9/9
 10008 | D:8      | Reached skill level 10 in Axes
 10011 | D:8      | Noticed a centaur warrior
 10012 | D:8      | Reached skill level 10 in Fighting
 10013 | D:8      | Noticed a red ugly thing
 10021 | D:8      | Noticed a five-headed hydra
 10022 | D:8      | Killed a centaur warrior
 10022 | D:8      | Noticed a manticore
 10023 | D:8      | Reached skill level 10 in Armour
 10024 | D:8      | Noticed a two-headed ogre
 10027 | D:8      | Killed a red ugly thing
 10033 | D:8      | HP: 4/94 [barbs]
 10035 | D:8      | Succumbed to barbed spike wounds

Illustrated notes

Levels and vault maps discovered:
D:1:      zelgadis_glass_arrival_small, layout_loops_ring,
          nicolae_ecumenical_lake_church, serial_forest,
          infiniplex_forest_clump_long, infiniplex_forest_straight_4,
          infiniplex_forest_pool, infiniplex_forest_straight_3,
          infiniplex_forest_side_room, infiniplex_forest_straight_5,
          infiniplex_forest_lined_2, infiniplex_forest_clump_long,
          infiniplex_forest_clump_tiny, kennysheep_doodads, minmay_distorted
D:2:      layout_rooms
D:3:      layout_loops_ring, lemuel_blue_sif_altar, marbit_many_paths,
          lemuel_tele_altar, serial_shops, nicolae_shop_advertising_works
          [nicolae_subvault_shop_adworks]
D:4:      gammafunk_wand_slinger, layout_basic, slow_altar_1
D:5:      black_bear_nest_1, layout_loops_ring,
          lemuel_zombie_altar_kikubaaqudgha, minmay_a_box_with_orc_wizards_in_it
D:6:      layout_basic, lemuel_doored_altar, minmay_temple_entry_ruins,
          serial_shops, nicolae_shop_crystal, uniq_sigmund
D:7:      minmay_thinvault, layout_rooms, nicolae_benzene_ring
D:8:      minmay_the_grid_octo_2x2 [minmay_the_grid_octo_thin_diamonds,
          minmay_the_grid_octo_horde, minmay_the_grid_octo_tetromino_candy,
          minmay_the_grid_octo_prize_star], layout_loops_corners,
          nicolae_gozag_cash_rules_everything_around_me, reono_crystal_passage

Skill      XL: |  1  2  3  4  5  6  7  8  9 10 |
---------------+-------------------------------+-----
Fighting       | 4 5 6 8 9 10 | 10.5
Axes           | 4 5 6 8 9 10 | 10.6
Armour         | 3 4 5 7 8 10 | 10.2
Dodging        | 3 4 5 6 8 9 |  9.3

Action                   |  1- 3 |  4- 6 |  7- 9 | 10-12 || total
-------------------------+-------+-------+-------+-------++-------
Melee: Hand axe          |   108 |   101 |   113 |       ||   322
       Headbutt          |    16 |    15 |    49 |    13 ||    93
       Punch             |       |     1 |     2 |       ||     3
       War axe           |       |       |    96 |       ||    96
       Battleaxe         |       |       |     2 |    60 ||    62
Invok: Berserk           |       |     5 |    11 |     3 ||    19
 Stab: Sleeping          |     1 |       |       |       ||     1
Armor: Animal skin       |    13 |    19 |    12 |       ||    44
       Chain mail        |       |       |    25 |       ||    25
       Plate armour      |       |       |    20 |    28 ||    48
Dodge: Dodged            |    69 |    57 |   166 |    37 ||   329
